 Dungeon Crawl Stone Soup version 0.19.1-1-g22dce08 (webtiles) character file.

2887 dngmouse the Cleaver (level 9, 0/82 HPs)
             Began as a Minotaur Fighter on Jan 13, 2017.
             Was a Priest of Makhleb.
             Slain by a wight
             ... wielding a +3 morningstar
              (2 damage)
             ... on level 7 of the Dungeon.
             The game lasted 00:28:47 (4936 turns).

dngmouse the Cleaver (Minotaur Fighter)             Turns: 4936, Time: 00:28:47

Health: 0/82       AC:  7    Str: 22 (23) XL:     9   Next: 48%
Magic:  8/8        EV:  9    Int:  2 (5)  God:    Makhleb [***...]
Gold:   445        SH:  0    Dex: 16      Spells: 0 memorised, 8 levels left

rFire  . . .     SeeInvis +     G - +5 dire flail (drain)
rCold  . . .     Gourm    .     b - +0 scale mail
rNeg   . . .     Faith    .     (shield currently unavailable)
rPois  .         Spirit   .     (helmet restricted)
rElec  .         Reflect  .     (no cloak)
rCorr  .         Harm     .     (no gloves)
MR     .....                    F - +1 pair of boots
Stlth  ..........               (no amulet)
                                y - +5 ring of dexterity
                                j - ring of see invisible

@: about to teleport, heavily drained
A: retaliatory headbutt, hooves 1, horns 2, molten scales 1, deformed body
a: Minor Destruction, Lesser Servant of Makhleb, Renounce Religion


You were on level 7 of the Dungeon.
You worshipped Makhleb.
Makhleb was most pleased with you.
You were not hungry.

You visited 2 branches of the dungeon, and saw 8 of its levels.
You also visited: Ossuary.

You collected 472 gold pieces.
You spent 27 gold pieces at shops.

Inventory:

Hand Weapons
 a - a +0 war axe
 B - a +0 flail of holy wrath
 G - a +5 dire flail of draining (weapon)
Missiles
 g - 5 throwing nets
 w - 4 javelins (quivered)
 L - 4 tomahawks
Armour
 b - a +0 scale mail (worn)
 c - a +0 shield
 t - a +0 buckler
 F - a +1 pair of boots (worn)
Jewellery
 j - a ring of see invisible (left hand)
 y - a +5 ring of dexterity (right hand)
Wands
 J - a wand of iceblast (5/15)
 K - a wand of digging (5/24)
Scrolls
 k - a scroll of recharging
 l - 4 scrolls of immolation
 p - 8 scrolls of remove curse
 q - 5 scrolls of identify
 z - 2 scrolls of enchant weapon
 A - a scroll of fear
 E - 5 scrolls of random uselessness
 I - 2 scrolls of amnesia
Potions
 d - 2 potions of might
 e - a potion of resistance
 i - 4 potions of flight
 n - 3 potions of lignification
 o - 2 potions of agility
 r - 2 potions of haste
 M - a potion of cure mutation
 N - a potion of cancellation
 O - a potion of degeneration
Comestibles
 f - 5 bread rations
 h - 3 beef jerkies
 m - 5 fruits
 u - 3 slices of pizza
 v - 2 meat rations


   Skills:
 + Level 8.6(6.7) Fighting
 - Level 13.3(11.2) Axes
 - Level 3.6(1.9) Armour
 - Level 3.6(1.9) Shields


You had 8 spell levels left.
You didn't know any spells.

Dungeon Overview and Level Annotations

Branches:
Dungeon (7/15)             Temple (1/1) D:4

Altars:
Ashenzari
Cheibriados
Dithmenos
Fedhas
Gozag
Hepliaklqana
Makhleb
Nemelex Xobeh
Okawaru
Qazlal
Ru
Sif Muna
Trog
Uskayaw
Vehumet
Xom
Yredelemnul
Zin
The Shining One

Shops:
D:5 =}!((


Innate Abilities, Weirdness & Mutations

You reflexively headbutt those who attack you in melee.
You have a pair of horns on your head.
You have large cloven feet.
You are partially covered in molten scales. (AC +2)
Armour fits poorly on your strangely shaped body.


Message History

You closely miss the wight.
The wight is moderately damaged.
The wight hits you with an enchanted battleaxe!
* * * LOW HITPOINT WARNING * * *
You are too injured to fight recklessly!
As you read the scroll of teleportation, it crumbles to dust.
You feel strangely unstable.
The wight hits you with an enchanted morningstar!
* * * LOW HITPOINT WARNING * * *
You feel drained.
* * * LOW HITPOINT WARNING * * *
You feel better.
The wight hits you with an enchanted battleaxe!
* * * LOW HITPOINT WARNING * * *
You feel drained.
* * * LOW HITPOINT WARNING * * *
The wight hits you with an enchanted morningstar!
* * * LOW HITPOINT WARNING * * *
You feel drained.
You die... #.# #.# .yz

#z# #y# #y# #z#
## #@#
....######z#.#
#..#
.............#
#..#
#.####.######
#..# #.# #..#
#.############..#
##
#...............#
.. #.########
#...##### . #.#
#........


You could see 3 killer bees and 4 wights.

Vanquished Creatures
  The ghost of Paps the Cudgeler, an amateur TrBe of Trog (D:4)
  Grinder (D:5)
  Edmund (D:4)
  A water moccasin (D:5)
  4 ice beasts
  An ogre (D:5)
  2 centaurs (D:6)
  An elf zombie (Ossuary)
  A scorpion (D:4)
  3 killer bees (D:7)
  A wight (D:7)
  2 crimson imps
  2 hounds
  A bullfrog zombie (D:6)
  4 gnoll shamans (D:5)
  3 orc priests
  A human zombie (Ossuary)
  5 orc wizards
  Ijyb (D:3)
  2 iguanas
  A worker ant (D:5)
  2 big kobold zombies (Ossuary)
  A hound zombie (Ossuary)
  A hound skeleton (D:7)
  4 mummies (Ossuary)
  Robin (D:4)
  A worker ant zombie (D:5)
  36 gnolls (D:5)
  9 adders
  2 oozes
  An adder zombie (Ossuary)
  2 adder skeletons
  2 worms
  2 dart slugs
  2 leopard geckos
  14 orcs
  8 bats
  5 giant cockroaches
  13 goblins
  3 hobgoblins
  22 jackals
  2 ball pythons (D:3)
  11 frilled lizards
  A jackal zombie (Ossuary)
  7 kobolds
  2 orc zombies (Ossuary)
  A quokka skeleton (D:4)
  2 quokka zombies (D:5)
  4 rats
  4 rat zombies
  3 fungi (D:6)
207 creatures vanquished.

Notes
Turn   | Place    | Note
-------+----------+-------------------------------------------
     0 | D:1      | dngmouse the Minotaur Fighter began the quest for the Orb.
     0 | D:1      | Reached XP level 1. HP: 19/19 MP: 0/0
   138 | D:1      | Reached XP level 2. HP: 25/27 MP: 1/1
   397 | D:2      | Found a bloodstained altar of Trog.
   449 | D:2      | Reached skill level 5 in Fighting
   457 | D:2      | Reached XP level 3. HP: 35/36 MP: 2/2
   480 | D:2      | Found a snail-covered altar of Cheibriados.
  1044 | D:3      | Reached skill level 3 in Axes
  1044 | D:3      | Reached XP level 4. HP: 41/42 MP: 3/3
  1113 | D:3      | Noticed Ijyb
  1123 | D:3      | Killed Ijyb
  1250 | D:3      | Reached skill level 4 in Axes
  1327 | D:3      | Reached XP level 5. HP: 50/50 MP: 4/4
  1424 | D:4      | Noticed Paps's ghost (amateur TrBe)
  1434 | D:4      | Killed Paps's ghost
  1434 | D:4      | Reached skill level 7 in Axes
  1434 | D:4      | Reached XP level 6. HP: 44/57 MP: 5/5
  1485 | D:4      | Noticed Robin
  1496 | D:4      | Killed Robin
  1733 | D:4      | Reached XP level 7. HP: 60/63 MP: 6/6
  1779 | D:4      | Noticed Edmund
  1795 | D:4      | Killed Edmund
  1795 | D:4      | Reached skill level 8 in Axes
  1977 | D:4      | Found a staircase to the Ecumenical Temple.
  1985 | Temple   | Entered the Ecumenical Temple
  2116 | Temple   | Became a worshipper of Makhleb the Destroyer
  2311 | D:5      | Entered Level 5 of the Dungeon
  2331 | D:5      | Found Xyxiu's Gadget Shop.
  2367 | D:5      | Reached skill level 9 in Axes
  2403 | D:5      | Found Gusibod's Distillery.
  2415 | D:5      | Bought a potion of mutation for 27 gold pieces
  2436 | D:5      | Found Temutes's Weapon Boutique.
  2494 | D:5      | Noticed Grinder
  2499 | D:5      | Killed Grinder
  2499 | D:5      | Reached skill level 10 in Axes
  2499 | D:5      | Reached XP level 8. HP: 60/70 MP: 7/7
  2558 | D:5      | Found Ruofextese's Antique Weapon Boutique.
  2631 | D:5      | Found Riasatt's Jewellery Boutique.
  2651 | D:5      | Reached skill level 11 in Axes
  2714 | D:5      | Found a sand-covered staircase.
  2726 | Ossuary  | Entered an ossuary
  2734 | Ossuary  | Reached * piety under Makhleb
  2861 | Ossuary  | Reached skill level 12 in Axes
  3117 | D:5      | Reached ** piety under Makhleb
  3346 | D:5      | Reached XP level 9. HP: 39/75 MP: 8/8
  3363 | D:5      | Reached skill level 13 in Axes
  3677 | D:5      | Gained mutation: You have large cloven feet. [potion of mutation]
  3677 | D:5      | Gained mutation: You are partially covered in molten scales. (AC +2) [potion of mutation]
  3677 | D:5      | Gained mutation: Armour fits poorly on your strangely shaped body. [potion of mutation]
  4102 | D:5      | Reached *** piety under Makhleb
  4246 | D:6      | Found a blossoming altar of Fedhas.
  4386 | D:6      | Found a radiant altar of Vehumet.
  4936 | D:7      | HP: 2/82 [wight/enchanted morningstar (7)]
  4936 | D:7      | Slain by a wight

Skill      XL: |  1  2  3  4  5  6  7  8  9 |
---------------+----------------------------+-----
Fighting       | 4 5 6 8 |  8.6
Axes           | 3 4 7 10 12 13 | 13.3
Armour         | |  3.6
Shields        | |  3.6

Action                   |  1- 3 |  4- 6 |  7- 9 || total
-------------------------+-------+-------+-------++-------
Melee: War axe           |   102 |    81 |    33 ||   216
       Headbutt          |    14 |    18 |    57 ||    89
       Dire flail        |       |       |   234 ||   234
Throw: Javelin           |       |     2 |     1 ||     3
  Use: Scroll            |       |       |    17 ||    17
       Potion            |       |       |    11 ||    11
  Eat: Chunk             |     1 |     2 |    10 ||    13
Armor: Scale mail        |    66 |    28 |   110 ||   204
Dodge: Dodged            |    41 |    34 |   104 ||   179
Block: Shield            |    48 |       |       ||    48
       Buckler           |     4 |    16 |     1 ||    21
